 Dungeon Crawl Stone Soup version 0.31.0-11-ge490571c62 (console) character file.

Game seed: 1841684949001646344

10 AlterAsc the Slasher (level 2, -5/17 HPs)
             Began as a Tengu Gladiator on Feb 10, 2024.
             Slain by a gnoll
             ... wielding a +0 spear
              (8 damage)
             ... on level 1 of the Dungeon.
             The game lasted 00:00:42 (254 turns).

AlterAsc the Slasher (Tengu Gladiator)               Turns: 254, Time: 00:00:43

Health: -5/17      AC:  3    Str: 14    XL:     2   Next: 20%
Magic:  3/3        EV: 27    Int:  8    God:
Gold:   14         SH:  0    Dex: 15    Spells: 1/1 levels left

rFire   . . .        a - +0 long sword
rCold   . . .        (no shield)
rNeg    . . .        b - +0 leather armour
rPois   .            c - +0 hat
rElec   .            (no cloak)
rCorr   .            (no gloves)
SInv    .            (boots unavailable)
Will    .....        (no amulet)
Stlth   +            (no ring)
HPRegen 0.22/turn    (no ring)
MPRegen 0.08/turn

%: acrobat
@: acrobatic
A: beak, talons 3, acrobatic
a: no special abilities


You were on level 1 of the Dungeon.
You visited 1 branch of the dungeon, and saw 1 of its levels.

You collected 14 gold pieces.

Inventory:

Hand Weapons
 a - a +0 long sword (weapon)
 h - a +2 dagger of pain
Missiles
 d - 3 throwing nets (quivered)
 e - a javelin
Armour
 b - a +0 leather armour (worn)
 c - a +0 hat (worn)
Scrolls
 f - a scroll of identify {unknown}
Potions
 g - a potion of enlightenment {unknown}
 i - a potion of haste {unknown}


   Skills:
 - Level 2.0 Fighting
 + Level 4.0 Long Blades
 - Level 2.0 Throwing
 - Level 3.2 Dodging


You had one spell level left.
You didn't know any spells.
Your spell library was empty.

Dungeon Overview and Level Annotations

Branches:
Dungeon (1/15)

Altars:


Innate Abilities, Weirdness & Mutations

You have a beak for a mouth.
You have claws for feet.
You can magically evade attacks while moving or waiting.


Message History

A kobold comes into view. It is wielding a +0 whip.
A dart slug and a gnoll come into view.
The kobold shouts!
The kobold misses you.
You closely miss the kobold. You claw the kobold.
The kobold is severely wounded.
The gnoll hits you from afar with a +0 spear.
The kobold hits you with a +0 whip.
You hit the kobold but do no damage.
The kobold is severely wounded.
The kobold hits you with a +0 whip.
The gnoll hits you from afar with a +0 spear.
* * * LOW HITPOINT WARNING * * *
The kobold attacks as it pursues you! The kobold completely misses you.
The kobold attacks as it pursues you! The kobold barely misses you.
The kobold attacks as it pursues you! The kobold completely misses you.
The kobold attacks as it pursues you! The kobold misses you.
The kobold attacks as it pursues you! The kobold completely misses you.
The kobold attacks as it pursues you! The kobold completely misses you.
The kobold attacks as it pursues you! The kobold completely misses you.
The kobold attacks as it pursues you! The kobold closely misses you.
The kobold attacks as it pursues you! The kobold closely misses you.
The kobold attacks as it pursues you! The kobold barely misses you.
You hit the kobold but do no damage. You punch the kobold, but do no damage.
The kobold is severely wounded.
The kobold closely misses you.
You closely miss the kobold.
The kobold is severely wounded.
The kobold misses you.
The gnoll hits you from afar with a +0 spear!
* * * LOW HITPOINT WARNING * * *
You slash the kobold!
You kill the kobold!
The gnoll barely misses you. The gnoll attacks as it pursues you!
The gnoll hits you from afar with a +0 spear.
* * * LOW HITPOINT WARNING * * *
The gnoll attacks as it pursues you!
The gnoll hits you from afar with a +0 spear!
You die...

#######..........##.....
#.......................
#.......................
#.......##.#.####.##....
#.......##.#.# #)†##....
#.......##.#.###...†....
#.......##.#.#....##..#.
#...........>).....#..#.
#.......##..............
#.......####.####.##....
#..)...@.....####.##..#.
#####.#.####............
#######.#g####.###........
..........................
#########.##.#..........[.
#.##.#)###...#....
#.##.#g# #...#..##
###.##.#.# #...#..##
#........###........
#.#......#<#...#w..#
#.##.#...#.#........


You could see a gnoll.

Vanquished Creatures
  An endoplasm (D:1)
  2 goblins (D:1)
  A hobgoblin (D:1)
  3 ball pythons (D:1)
  3 kobolds (D:1)
  A rat (D:1)
11 creatures vanquished.

Notes
Turn   | Place    | Note
-------+----------+-------------------------------------------
     0 | D:1      | AlterAsc the Tengu Gladiator began the quest for the Orb.
     0 | D:1      | Reached XP level 1. HP: 12/12 MP: 2/2
    60 | D:1      | Reached XP level 2. HP: 15/17 MP: 3/3
    85 | D:1      | Reached skill level 4 in Long Blades
   254 | D:1      | Slain by a gnoll

Illustrated notes

Levels and vault maps discovered:
D:1:      amcnicky_arrival_choice, layout_basic

Skill      XL: |  1  2 |
---------------+-------+-----
Long Blades    | 4 |  4.0
Fighting       | |  2.0
Throwing       | |  2.0
Dodging        | |  3.2

Action                     || total
---------------------------++-------
  Melee: Long sword        ||    22
         Kick              ||     7
         Peck              ||     3
         Punch             ||     1
 Armour: Leather armour    ||    13
  Dodge: Dodged            ||    27
